 Dungeon Crawl Stone Soup version 0.18-a0-1014-g3bbf375 (webtiles) character file.

686 coffecat the Stinger (level 7, -2/34 HPs)
             Began as a Spriggan Venom Mage on Jan 6, 2016.
             Was a Follower of Elyvilon.
             Killed from afar by Maurice (21 damage)
             ... with a wand of lightning
             ... on level 9 of the Dungeon.
             The game lasted 00:27:49 (4863 turns).

coffecat the Stinger (Spriggan Venom Mage)          Turns: 4863, Time: 00:27:49

Health: -2/34      AC:  4    Str:  4    XL:     7   Next: 35%
Magic:  8/16       EV: 20    Int: 19    God:    Elyvilon [*.....]
Gold:   175        SH:  0    Dex: 16    Spells: 5 memorised, 1 level left

rFire  . . .     SeeInvis +     p - +1 whip (venom)
rCold  . . .     Gourm    .     a - +2 robe
rNeg   . . .     Faith    .     (shield restricted)
rPois  .         Spirit   .     (helmet restricted)
rElec  .         Dismiss  .     (no cloak)
rCorr  .         Reflect  .     (gloves unavailable)
SustAt .         Harm     .     (boots unavailable)
MR     +....                    (no amulet)
Stlth  +++.......               k - +1 ring of evasion
                                (no ring)

@: lethally poisoned (-2 -> -3), very quick, somewhat resistant to hostile
enchantments, fairly stealthy
A: unfitting armour, see invisible, herbivore 3, speed 3, slow metabolism 2
a: Lesser Healing, Divine Protection, Renounce Religion


You were on level 9 of the Dungeon.
You worshipped Elyvilon.
Elyvilon was aware of your devotion.
You were not hungry.

You visited 1 branch of the dungeon, and saw 9 of its levels.

You collected 175 gold pieces.

Inventory:

Hand Weapons
 i - a +0 flail
 j - a +0 dagger
 o - a +3 short sword
 p - a +1 whip of venom (weapon)
Armour
 a - a +2 robe (worn)
Jewellery
 k - a +1 ring of evasion (right hand)
Scrolls
 m - a scroll of blinking {unknown}
 q - a scroll of magic mapping {unknown}
 r - 4 scrolls of identify
 s - 2 scrolls of recharging
Potions
 e - 2 potions of curing {unknown}
 f - 3 potions of lignification {unknown}
 g - 2 potions of brilliance {unknown}
 h - 2 potions of mutation {unknown}
 u - a potion of flight {unknown}
 v - a potion of agility {unknown}
 z - a potion of heal wounds {unknown}
Books
 b - a Young Poisoner's Handbook

   Spells                             Type                      Level
   a - Sting                          Conjuration/Poison           1
   b - Cure Poison                    Poison                       2
   c - Mephitic Cloud                 Conjuration/Poison/Air       3
   d - Olgreb's Toxic Radiance        Poison                       4
   e - Venom Bolt                     Conjuration/Poison           5
Comestibles
 c - 4 bread rations
 d - a slice of pizza
 w - a royal jelly
 x - 4 fruits


   Skills:
 * Level 1.9 Fighting
 * Level 2.5 Short Blades
 + Level 0.1 Maces & Flails
 + Level 4.3 Dodging
 + Level 4.5 Stealth
 + Level 0.2 Unarmed Combat
 + Level 5.3 Spellcasting
 + Level 2.1 Conjurations
 + Level 0.3 Air Magic
 + Level 5.4 Poison Magic


You had one spell level left.
You knew the following spells:

 Your Spells              Type           Power        Failure   Level  Hunger
a - Sting                 Conj/Pois      ###.         2%          1    None
b - Mephitic Cloud        Conj/Pois/Air  ###.....     14%         3    ##.....
c - Olgreb's Toxic Radia  Pois           ####....     14%         4    ####...
d - Cure Poison           Pois           ####......   1%          2    None
e - Venom Bolt            Conj/Pois      ###.......   75%         5    #####..


Dungeon Overview and Level Annotations

Branches:
Dungeon (9/15)             Temple (0/1) D:5
   Lair: D:8-11         Orc: D:9-12

Altars:
Elyvilon

Shops:
D:4 :

Annotations:
D:4 Sagrath01's ghost, amateur MiGl
D:6 Menkaure
D:8 Joseph
D:9 Maurice


Innate Abilities, Weirdness & Mutations

You are tiny and cannot use many weapons and most armour.
You have supernaturally acute eyesight.
You are a herbivore.
You cover ground extremely quickly.
You need consume almost no food.


Message History

The giant frog barely misses you.
You see here a hound corpse.
You hit the giant frog.
The giant frog is severely wounded.
The giant frog misses you.
You hit the giant frog.
The giant frog looks even sicker.
The giant frog is almost dead.
You feel sick.
You kill the giant frog!
The jelly hits you but does no damage.
Found a helmet.
Maurice zaps a wand.
The bolt of lightning misses you.
It is a wand of lightning.
You feel sick. As you open the door, it creaks loudly!
Maurice zaps a wand.
The bolt of lightning hits the jelly.
The jelly dies!
The bolt of lightning misses you. The bolt of lightning hits you!
Ouch! That really hurt!
You die...

#..# ##..#
#.... #[..#
#.?..
..#.#.#.###
........#.#####
#<.@....#
#†#.###@#
#...##.....#
######.....#
......#
##.....#
...#+## #.## #.


You could see Maurice (invisible).

Vanquished Creatures
  2 giant frogs
  A scorpion (D:3)
  A hound (D:9)
  3 orc priests
  4 orc wizards
  Jessica (D:2)
  Terence (D:2)
  3 worker ants
  2 hound skeletons
  4 adders
  An adder zombie (D:5)
  An adder skeleton (D:4)
  7 giant geckos
  20 orcs
  4 giant cockroaches
  4 goblins
  5 hobgoblins
  4 kobolds
  A quokka (D:2)
  6 bats
  3 giant newts
  A quokka skeleton (D:6)
  5 rats
84 creatures vanquished.

Vanquished Creatures (others)
  A jelly (D:9)
1 creature vanquished.

Grand Total: 85 creatures vanquished

Notes
Turn   | Place    | Note
--------------------------------------------------------------
     0 | D:1      | coffecat the Spriggan Venom Mage began the quest for the Orb.
     0 | D:1      | Reached XP level 1. HP: 9/9 MP: 5/5
   198 | D:1      | Reached XP level 2. HP: 8/13 MP: 1/6
   640 | D:2      | Noticed Terence
   782 | D:2      | Found a white marble altar of Elyvilon.
   791 | D:2      | Became a worshipper of Elyvilon the Healer
   803 | D:2      | Reached XP level 3. HP: 16/16 MP: 6/8
   929 | D:2      | Killed Terence
  1104 | D:2      | Noticed Jessica
  1118 | D:2      | Killed Jessica
  1118 | D:2      | Reached XP level 4. HP: 17/21 MP: 5/10
  1359 | D:3      | Reached skill level 1 in Conjurations
  1681 | D:3      | Learned a level 3 spell: Mephitic Cloud
  2060 | D:3      | Reached XP level 5. HP: 12/24 MP: 1/12
  2271 | D:3      | HP: 1/24 [orc priest/divine providence (14)]
  2741 | D:3      | Reached * piety under Elyvilon
  2774 | D:4      | Found Jahir's Book Shoppe.
  2774 | D:4      | Noticed Sagrath01's ghost (amateur MiGl)
  2814 | D:4      | Reached skill level 1 in Short Blades
  2872 | D:4      | Reached skill level 5 in Poison Magic
  3062 | D:4      | Reached skill level 1 in Fighting
  3103 | D:4      | Reached XP level 6. HP: 14/30 MP: 1/13
  3355 | D:4      | Learned a level 4 spell: Olgreb's Toxic Radiance
  3561 | D:3      | Learned a level 2 spell: Cure Poison
  3680 | D:5      | Entered Level 5 of the Dungeon
  3680 | D:5      | Found a staircase to the Ecumenical Temple.
  4157 | D:6      | Reached skill level 5 in Spellcasting
  4369 | D:6      | Learned a level 5 spell: Venom Bolt
  4432 | D:6      | Reached XP level 7. HP: 27/33 MP: 11/15
  4504 | D:6      | Noticed Menkaure
  4827 | D:8      | Noticed Joseph
  4827 | D:8      | Noticed a hill giant
  4838 | D:8      | Noticed a hippogriff
  4842 | D:9      | Noticed Maurice
  4863 | D:9      | Killed from afar by Maurice

Vault maps used:
D:1:      lightli_arrival_chessboard
D:2:      nemelex_deck, first_bread, supply_closet_lemuel, elyvilon_altar_4,
          uniq_terence, uniq_jessica
D:3:      minmay_statues_item
D:4:      serial_shops, shop
D:6:      lemuel_ratsnest, grunt_ministairs_6, uniq_menkaure
D:8:      serial_shops, kennysheep_mini_moat, uniq_joseph
D:9:      old_standard_altar, lair_0_dummy, basic_altar,
          hangedman_tell_no_tales, gammafunk_pakellas_statue_experiment,
          uniq_erolcha, uniq_maurice

Action                   |  1- 3 |  4- 6 |  7- 9 || total
-------------------------+-------+-------+-------++-------
Melee: Unarmed           |    14 |       |       ||    14
       Dagger            |    12 |       |       ||    12
       Flail             |     5 |       |       ||     5
       Short sword       |       |    88 |     1 ||    89
       Whip              |       |       |    18 ||    18
Throw: Throwing net      |     2 |       |       ||     2
 Cast: Sting             |    43 |    82 |     7 ||   132
       Mephitic Cloud    |       |    16 |     1 ||    17
       Olgreb's Toxic Ra |       |       |     1 ||     1
       Cure Poison       |       |       |     1 ||     1
Invok: Divine Protection |       |     1 |       ||     1
  Use: Scroll            |       |     4 |     2 ||     6
 Stab: Held in net/web   |     1 |       |       ||     1
       Sleeping          |       |     8 |       ||     8
       Confused          |       |     2 |       ||     2
  Eat: Bread ration      |       |     1 |       ||     1
